 Dungeon Crawl Stone Soup version 0.20-a0-1127-g1289703 (webtiles) character file.

30 Zwobot the Caller (level 3, 0/33 HPs)
             Began as a Gnoll Wanderer on May 18, 2017.
             Succumbed to a goblin's poison
             ... on level 2 of the Dungeon.
             The game lasted 00:04:33 (2137 turns).

Zwobot the Caller (Gnoll Wanderer)                  Turns: 2137, Time: 00:04:34

Health: 0/33       AC:  2    Str:  9    XL:     3   Next: 20%
Magic:  3/3        EV: 11    Int: 15    God:
Gold:   105        SH:  0    Dex: 13    Spells: 2/2 levels left

rFire    . . .     SeeInvis .   e - +0 dagger
rCold    . . .     Gourm    .   (no shield)
rNeg     . . .     Faith    .   d - +0 robe
rPois    .         Spirit   .   (no helmet)
rElec    .         Reflect  .   (no cloak)
rCorr    .         Harm     .   (no gloves)
MR       .....                  (no boots)
Stlth    ++........             (no amulet)
Regen    0.2/turn               h - ring of flight
MPRegen  0.1/turn               (no ring)

@: lethally poisoned (0 -> -6), very slightly contaminated, hasted, invisible,
very quick
A: short attention span, fangs 1, strong nose
a: Evoke Flight


You were on level 2 of the Dungeon.
You were not hungry.

You visited 1 branch of the dungeon, and saw 2 of its levels.

You collected 105 gold pieces.

Inventory:

Hand Weapons
 c - a +2 dagger of venom
 e - a +0 dagger (weapon)
 g - a +0 whip
Missiles
 i - 92 stones (quivered)
Armour
 d - a +0 robe (worn)
 j - a +0 ring mail
Jewellery
 h - a ring of flight (left hand)
Scrolls
 m - a scroll of enchant armour {unknown}
Books
 a - a book of Callings

   Spells                             Type                      Level
   a - Summon Small Mammal            Summoning                    1
   b - Call Imp                       Summoning                    2
   c - Call Canine Familiar           Summoning                    3
   d - Summon Guardian Golem          Hexes/Summoning              3
   e - Summon Lightning Spire         Summoning/Air                4
   f - Summon Ice Beast               Ice/Summoning                4
 b - Kyku's Catalogue of Flames

   Spells                             Type                      Level
   a - Flame Tongue                   Conjuration/Fire             1
   b - Ignite Poison                  Fire/Transmutation/Poison    3
Comestibles
 f - a bread ration
 k - 3 fruits


   Skills:
 + Level 5.4 Fighting
 * Level 0.9 Short Blades
   Level 1.7 Axes
 - Level 1.7 Throwing
 + Level 0.0 Dodging
 - Level 2.0 Stealth
   Level 6.2 Summonings
   Level 1.7 Air Magic


You had 2 spell levels left.
You didn't know any spells.

Dungeon Overview and Level Annotations

Branches:
Dungeon (2/15)

Altars:


Innate Abilities, Weirdness & Mutations

You have a short attention span.
You have very sharp teeth.
Your uncanny sense of smell can sniff out nearby items.


Message History

* * * LOW HITPOINT WARNING * * *
You feel sick.
Found a stone staircase leading up.
You see here 23 bolts.
You catch the helpless rat completely off-guard!
You puncture the rat!
You kill the rat!
* * * LOW HITPOINT WARNING * * *
You feel sick.
You see here a rat corpse.
You butcher the rat corpse.
* * * LOW HITPOINT WARNING * * *
You feel sick.
Things that are here:
a chunk of flesh; a rat skeleton A kobold comes into view.
It is wielding a short sword.
Found 18 bolts.
* * * LOW HITPOINT WARNING * * *
You feel sick.
You die...

#........+
#........#
#........####
###...(........
...............
#.#............
#.#....<.......
#.#....@.......
#.#............
#.#............
#.###.#####....
#.##...........
#...(%.........
#.#...###...# .
#.#...# K##
#.##.## #


There were no monsters in sight!

Vanquished Creatures
  A leopard gecko (D:1)
  A giant cockroach (D:1)
  5 goblins
  5 hobgoblins (D:1)
  4 jackals (D:1)
  A quokka (D:1)
  3 frilled lizards (D:1)
  2 kobolds (D:1)
  4 rats
26 creatures vanquished.

Notes
Turn   | Place    | Note
-------+----------+-------------------------------------------
     0 | D:1      | Zwobot the Gnoll Wanderer began the quest for the Orb.
     0 | D:1      | Zwobot set off with: a book of Callings, Kyku's Catalogue of Flames, a potion of lignification, a +0 robe, a +0 dagger, a bread ration
     0 | D:1      | Reached XP level 1. HP: 18/18 MP: 1/1
     0 | D:1      | Identified Kyku's Catalogue of Flames
   598 | D:1      | Reached XP level 2. HP: 17/26 MP: 2/2
   965 | D:1      | Reached skill level 5 in Fighting
  1446 | D:1      | Reached XP level 3. HP: 24/33 MP: 3/3
  2135 | D:2      | HP: 1/33 [poisoned by a goblin]
  2137 | D:2      | Succumbed to a goblin's poison

Vault maps used:
D:1:      lightli_arrival_statue_moat, minmay_misc_feat_roman
D:2:      first_bread, trog_three_pillars_becter

Skill      XL: |  1  2 |
---------------+-------+-----
Fighting       | 4 5 |  5.4
Stealth        | 2 |  2.0
Short Blades   | |  0.9
Axes           | |  1.7
Throwing       | |  1.7
Summonings     | |  6.2
Air Magic      | |  1.7

Action                   || total
-------------------------++-------
Melee: Dagger            ||   157
       Bite              ||     8
Throw: Stone             ||    15
  Use: Potion            ||     4
       Scroll            ||     1
 Stab: Sleeping          ||     3
       Invisible         ||     1
  Eat: Chunk             ||     2
       Bread ration      ||     1
Armor: Robe              ||    16
       Skin              ||    16
Dodge: Dodged            ||    64
